 Dungeon Crawl Stone Soup version 0.16-a0-2581-g6f3a107 (webtiles) character file.

5267 Ratboiler the Carver (level 10, -8/69 HPs)
             Began as a Vampire Gladiator on Nov 19, 2014.
             Was an Elder of Makhleb.
             Mangled by a manticore (9 damage)
             ... on level 10 of the Dungeon on Nov 21, 2014.
             The game lasted 00:36:17 (12554 turns).

Ratboiler the Carver (Vampire Gladiator)           Turns: 12554, Time: 00:36:18

Health: -8/69      AC: 12    Str: 14    XL:     10   Next: 36%
Magic:  10/10      EV:  8    Int: 10    God:    Makhleb [****..]
Gold:   399        SH:  5    Dex: 17    Spells: 0 memorised, 9 levels left

rFire  . . .     SeeInvis +     a - +1 long sword
rCold  . . .     Clarity  .     n - +0 scale mail
rNeg   + . .     SustAb   .     k - +0 buckler
rPois  .         Gourm    .     c - +0 helmet
rElec  .         Spirit   .     F - +2 cloak
rCorr  .         Warding  .     (no gloves)
rMut   .         Stasis   .     w - +0 pair of boots
MR     +....                    (no amulet)
Stlth  ..........               H - ring of positive energy
                                m - +1 ring of protection

@: manticore barbs, regenerating quickly, somewhat resistant to hostile
enchantments, extremely unstealthy
A: bottle blood, fangs 3, see invisible, unbreathing
a: Minor Destruction, Lesser Servant of Makhleb, Major Destruction, Renounce
Religion


You were on level 10 of the Dungeon.
You worshipped Makhleb.
Makhleb was greatly pleased with you.
You were very full.

You visited 2 branches of the dungeon, and saw 11 of its levels.

You collected 708 gold pieces.
You spent 309 gold pieces at shops.

Inventory:

Hand weapons
 a - a +1 long sword (weapon)
 b - a +1 hunting sling of flaming
 z - a +0 rapier of venom
 D - a +0 blowgun
 S - a +4 dagger
Missiles
 N - a poisoned needle
 R - 18 sling bullets
Armour
 c - a +0 helmet (worn)
 k - a +0 buckler (worn)
 n - a +0 scale mail (worn)
 w - a +0 pair of boots (worn)
 F - a +2 cloak (worn)
Jewellery
 m - a +1 ring of protection (left hand)
 t - an uncursed ring of stealth
 H - a ring of positive energy (right hand)
Magical devices
 d - a wand of disintegration (17)
 B - a wand of teleportation (0)
 C - a wand of confusion (12)
 E - a wand of lightning (9)
 J - a wand of magic darts (13)
 L - a wand of digging (13)
 M - a wand of fire (6)
 T - a wand of frost (10)
Scrolls
 g - 2 scrolls of recharging
 i - 3 scrolls of fog {unknown}
 j - a scroll of teleportation
 l - 2 scrolls of enchant armour {unknown}
 p - 2 scrolls of random uselessness {unknown}
 r - 4 scrolls of enchant weapon
 s - 2 scrolls of magic mapping {unknown}
 u - 3 scrolls of blinking {unknown}
 v - 3 scrolls of remove curse
 x - a scroll of immolation {unknown}
 G - 3 scrolls of amnesia {unknown}
 Q - a scroll of fear {unknown}
Potions
 e - 2 potions of flight {unknown}
 f - a potion of magic
 h - a potion of resistance
 o - 3 potions of curing
 q - a potion of cancellation
 A - 2 potions of restore abilities
 I - a potion of mutation
 O - 9 potions of blood
 P - a potion of brilliance
 U - a potion of might {unknown}
Books
 y - a book of Dreams

   Spells                             Type                      Level
   Ensorcelled Hibernation            Hexes/Ice                    2
   Flight                             Charms/Air                   3
   Phase Shift                        Translocation                5
   Shadow Creatures                   Summoning                    5
   Mass Confusion                     Hexes                        6
   Darkness                           Hexes                        7


   Skills:
 + Level 2.9 Fighting
 - Level 14.1 Long Blades
 - Level 1.5 Throwing
 + Level 4.4 Dodging
 * Level 3.1 Shields


You had 9 spell levels left.
You didn't know any spells.

Dungeon Overview and Level Annotations

Branches:
Dungeon (10/15)            Temple (1/1) D:5            Lair (0/8) D:9
    Orc: D:9-12

Altars:
Ashenzari
Cheibriados
Dithmenos
Elyvilon
Fedhas
Gozag
Kikubaaqudgha
Makhleb
Nemelex Xobeh
Okawaru
Qazlal
Ru
Sif Muna
Trog
Vehumet
Xom
Yredelemnul
Zin
The Shining One

Shops:
D:6 *   D:7 [   D:8 :

Annotations:
D:4 exclusion: statue


Innate Abilities, Weirdness & Mutations

Your natural rate of healing is unusually fast.
You can bottle blood from corpses.
You have razor-sharp teeth.
You have supernaturally acute eyesight.
You can survive without breathing.


Message History

The manticore bites you! The manticore completely misses you.
The manticore claws you.
You hit the manticore but do no damage. You bite the manticore.
The manticore is severely wounded.
The manticore bites you!
* * * LOW HITPOINT WARNING * * *
The manticore claws you.
* * * LOW HITPOINT WARNING * * *
The manticore claws you but does no damage.
You hit the manticore but do no damage.
The manticore is severely wounded.
The manticore bites you.
* * * LOW HITPOINT WARNING * * *
The manticore claws you but does no damage.
The manticore closely misses you.
Drink which item? (? for menu, Esc to quit)
You feel better. The manticore bites you!
* * * LOW HITPOINT WARNING * * *
You block the manticore's attack. The manticore claws you!
You die...

▒·················
▒·················
▒···········)·····
▒················· ▒
▒·················
▒·▒▒▒·················
▒···········▒▒▒▒······
▒···········▒ ▒······
▒····@······▒ ▒······
······▒·H·▒▒···▒
▒······ ·····▒···▒
···▒ ▒······ ····
▒···▒ ··▒ ▒······ ···
▒···▒ ····· ▒···▒
······ ▒···▒ ▒······
▒···▒ ▒······ ···
▒······


You could see a manticore.

Vanquished Creatures
  Joseph (D:7)
  Grinder (D:5)
  A yak (D:9)
  A hungry ghost (D:9)
  A spriggan (D:8)
  Eustachio (D:6)
  A deep elf fighter (D:9)
  A hippogriff (D:9)
  A necrophage (D:10)
  A water moccasin (D:6)
  A black bear (D:9)
  2 ice beasts
  2 ogres
  3 orc warriors
  A phantom (D:5)
  A big kobold (D:7)
  3 centaurs
  A crocodile (D:9)
  Blork the orc (D:9)
  5 giant frogs
  A wyvern skeleton (D:6)
  6 scorpions
  3 killer bees (D:8)
  3 goliath beetles
  4 crimson imps
  3 jellies
  4 hounds
  A centaur zombie (D:10)
  Crazy Yiuf (D:7)
  11 orc wizards
  A centaur skeleton (D:6)
  4 orc priests
  Natasha (thrice) (D:5)
  5 iguanas
  3 worker ants
  A hound zombie (D:5)
  Robin (D:4)
  3 river rats
  18 adders
  10 gnolls
  5 shadow imps
  A white imp (D:5)
  A worm (D:2)
  3 giant mites
  An adder zombie (D:5)
  2 adder skeletons
  9 giant geckos
  2 oozes
  37 orcs
  3 ball pythons
  28 bats
  2 bat skeletons
  4 giant cockroaches
  17 goblins
  20 hobgoblins
  9 kobolds
  7 quokkas
  A giant cockroach zombie (D:5)
  4 giant newts
  A giant spore (D:8)
  28 rats
301 creatures vanquished.

Vanquished Creatures (others)
  A fungus (D:9)
1 creature vanquished.

Grand Total: 302 creatures vanquished

Notes
Turn   | Place    | Note
--------------------------------------------------------------
     0 | D:1      | Ratboiler, the Vampire Gladiator, began the quest for the Orb.
     0 | D:1      | Reached XP level 1. HP: 16/16 MP: 1/1
   257 | D:1      | Reached XP level 2. HP: 22/22 MP: 2/2
   417 | D:1      | Reached skill level 4 in Long Blades
   801 | D:2      | Found a shattered altar of Ashenzari.
   923 | D:2      | Reached XP level 3. HP: 27/27 MP: 3/3
   993 | D:2      | Found a blossoming altar of Fedhas.
   999 | D:2      | Found a sparkling altar of Nemelex Xobeh.
  1009 | D:2      | Found a stormy altar of Qazlal.
  1673 | D:2      | Reached XP level 4. HP: 25/33 MP: 4/4
  1977 | D:2      | Reached skill level 5 in Long Blades
  2584 | D:3      | Reached XP level 5. HP: 35/38 MP: 5/5
  2840 | D:3      | Reached skill level 6 in Long Blades
  3364 | D:4      | Found a radiant altar of Vehumet.
  3380 | D:4      | Found a shattered altar of Ashenzari.
  3395 | D:4      | Reached XP level 6. HP: 19/44 MP: 6/6
  3602 | D:4      | Reached skill level 7 in Long Blades
  3797 | D:4      | Noticed Robin
  4190 | D:4      | Killed Robin
  4421 | D:4      | Found an opulent altar of Gozag.
  4432 | D:4      | Reached skill level 8 in Long Blades
  4484 | D:4      | Reached XP level 7. HP: 41/49 MP: 7/7
  4787 | D:5      | Entered Level 5 of the Dungeon
  4798 | D:5      | Found a glowing golden altar of the Shining One.
  4815 | D:5      | Noticed Grinder
  4817 | D:5      | Paralysed by Grinder for 3 turns
  4833 | D:5      | Killed Grinder
  4833 | D:5      | Reached skill level 9 in Long Blades
  5044 | D:5      | Noticed Eustachio
  5600 | D:5      | Reached XP level 8. HP: 55/55 MP: 8/8
  5696 | D:5      | Noticed Natasha
  5928 | D:5      | Found a staircase to the Ecumenical Temple.
  5941 | Temple   | Entered the Ecumenical Temple
  5976 | Temple   | Became a worshipper of Makhleb the Destroyer
  6068 | D:5      | Reached skill level 10 in Long Blades
  6247 | D:5      | Killed Natasha
  6381 | D:5      | Noticed Natasha
  6386 | D:5      | Killed Natasha
  6423 | D:5      | Noticed Natasha
  6431 | D:5      | Killed Natasha
  6873 | D:6      | Acquired Makhleb's first power
  7133 | D:6      | Reached skill level 11 in Long Blades
  7759 | D:5      | Acquired Makhleb's second power
  7819 | D:6      | Killed Eustachio
  7819 | D:6      | Reached XP level 9. HP: 26/61 MP: 9/9
  8037 | D:6      | Found Bimnoled's Assorted Antiques.
  8046 | D:6      | Bought a scroll labeled INOROI MIZYHUS for 26 gold pieces
  8046 | D:6      | Bought a blue potion for 23 gold pieces
  8046 | D:6      | Bought a worn fluorescent wand for 104 gold pieces
  8046 | D:6      | Bought a crooked ivory wand for 104 gold pieces
  8046 | D:6      | Bought a scroll of identify for 52 gold pieces
  8138 | D:6      | Reached skill level 12 in Long Blades
  8421 | D:7      | Noticed Joseph
  9014 | D:7      | Killed Joseph
  9248 | D:7      | Found Blusumn's Armour Shoppe.
  9401 | D:7      | Reached skill level 13 in Long Blades
  9736 | D:7      | Noticed Crazy Yiuf
  9765 | D:7      | Killed Crazy Yiuf
  9799 | D:7      | Got a shimmering hammer
  9800 | D:7      | Identified the cursed -2 hammer of Floods {elec, rF++ Stlth+} (You found it on level 7 of the Dungeon)
 10051 | D:8      | Noticed a gargoyle
 10070 | D:8      | Acquired Makhleb's third power
 10276 | D:8      | Found Gyekiv's Book Shoppe.
 10751 | D:9      | Upgraded the game from 0.16-a0-2461-ge8ce426 to 0.16-a0-2581-g6f3a107
 10981 | D:8      | Reached skill level 14 in Long Blades
 11151 | D:9      | Reached XP level 10. HP: 67/67 MP: 10/10
 11155 | D:9      | Found a staircase to the Lair.
 11331 | D:9      | Reached skill level 1 in Shields
 11478 | D:9      | Noticed Blork the orc
 11492 | D:9      | Acquired Makhleb's fourth power
 11497 | D:9      | Killed Blork the orc
 12083 | D:10     | Entered Level 10 of the Dungeon
 12538 | D:10     | Noticed a manticore
 12554 | D:10     | HP: 1/69 [manticore (12)]
 12554 | D:10     | Mangled by a manticore

Action                   |  1- 3 |  4- 6 |  7- 9 | 10-12 || total
-------------------------+-------+-------+-------+-------++-------
Melee: Long sword        |    98 |   189 |   701 |   206 ||  1194
       Rapier            |       |    61 |       |       ||    61
 Fire: Blowgun           |       |     4 |    20 |       ||    24
       Hunting sling     |       |       |    19 |       ||    19
Throw: Throwing net      |       |     2 |     2 |       ||     4
       Tomahawk          |       |       |     2 |       ||     2
Evoke: Wand              |       |       |       |     3 ||     3
  Use: Potion            |       |    12 |    34 |     7 ||    53
       Scroll            |       |     5 |    10 |     2 ||    17
 Stab: Sleeping          |       |     1 |       |       ||     1
       Held in net/web   |       |       |     1 |       ||     1
       Confused          |       |       |       |     1 ||     1
  Eat: Corpse            |       |     1 |     1 |       ||     2
